 Dungeon Crawl Stone Soup version 0.29.1-4-g47bece8355 (webtiles) character file.

Game seed: 7400753011303519373

1001 fantasyman the Cudgeller (level 8, -2/62 HPs)
             Began as a Formicid Fighter on Dec 5, 2022.
             Slain by a yak (9 damage)
             ... on level 5 of the Dungeon.
             The game lasted 00:05:31 (6551 turns).

fantasyman the Cudgeller (Formicid Fighter)         Turns: 6551, Time: 00:05:32

Health: -2/62      AC: 22    Str: 26    XL:     8   Next: 43%
Magic:  8/8        EV:  7    Int:  8    God:
Gold:   268        SH:  0    Dex: 12    Spells: 7/7 levels left

rFire   . . .      SeeInvis +   x - +0 giant club
rCold   . . .      Faith    .   (shield currently unavailable)
rNeg    . . .      Spirit   .   j - +8 plate armour {ponderous}
rPois   .          Reflect  .   (helmet unavailable)
rElec   .          Harm     .   (no cloak)
rCorr   .          Rampage  .   (no gloves)
Will    .....                   (no boots)
Stlth   ..........              (no amulet)
HPRegen 0.20/turn               (no ring)
MPRegen 0.11/turn               (no ring)

@: weak-willed, attractive, slow
A: permanent stasis, dig shafts and tunnels, antennae 3, four strong arms,
iridescent scales 1, strong 1
a: Dig, Shaft Self


You were on level 5 of the Dungeon.
You visited 1 branch of the dungeon, and saw 6 of its levels.

You collected 268 gold pieces.

Inventory:

Hand Weapons
 a - a +0 flail
 x - a +0 giant club (weapon)
Armour
 b - a +0 scale mail
 j - a +8 plate armour of ponderousness (worn)
Jewellery
 n - a ring of protection from fire
 t - a ring of ice
Wands
 r - a wand of quicksilver (10)
Scrolls
 c - a scroll of vulnerability
 e - a scroll of poison {unknown}
 h - a scroll of blinking {unknown}
 i - 2 scrolls of amnesia {unknown}
 o - 2 scrolls of noise {unknown}
 p - 3 scrolls of teleportation {unknown}
 q - 2 scrolls of enchant armour {unknown}
 s - 2 scrolls of enchant weapon {unknown}
 w - 4 scrolls of identify {unknown}
 y - a scroll of fear {unknown}
Potions
 d - 2 potions of might
 g - a potion of attraction
 k - a potion of mutation
 l - 2 potions of degeneration {unknown}
 m - a potion of lignification {unknown}
 u - a potion of magic {unknown}
 v - 3 potions of curing {unknown}
 z - a potion of cancellation {unknown}


   Skills:
 * Level 5.2 Fighting
 * Level 6.7 Maces & Flails
 * Level 5.9 Armour
 * Level 3.6 Stealth
 - Level 4.0 Shields


You had 7 spell levels left.
You didn't know any spells.
Your spell library contained the following spells:

 Spells                   Type           Power      Damage    Failure   Level
 Conjure Flame            Conj/Fire      0%         6-21      100%        3
 Ignite Poison            Fire/Tmut/Pois 0%         N/A       100%        3
 Sticky Flame             Conj/Fire      0%         2d3       100%        4


Dungeon Overview and Level Annotations

Branches:
Dungeon (6/15)
 Temple: D:4-7

Altars:
Hepliaklqana
Makhleb
Ru
Sif Muna
Wu Jian

Shops:
D:3 !


Innate Abilities, Weirdness & Mutations

You cannot be hasted, slowed, berserked, paralysed or teleported.
You can dig through walls and to a lower floor.
You have a pair of large antennae on your head. (SInv)
Your four strong arms can wield two-handed weapons with a shield.
You are partially covered in iridescent scales. (AC +2)
Your muscles are strong. (Str +4, Int/Dex -1)


Message History

The jelly jiggles.
There is an open door here.
The yak attacks as you move away! The yak gores you but does no damage.
You hit the yak.
The yak is almost dead.
The yak barely misses you.
You barely miss the yak.
The yak is almost dead.
You hit the yak.
The yak is almost dead.
The yak gores you!
The yak gores you but does no damage. x2
The yak gores you!
You are too injured to fight recklessly!
You are too injured to fight recklessly!
You are too injured to fight recklessly!
You are too injured to fight recklessly!
You sock the yak!
The yak is moderately wounded.
The yak gores you. The yak barely misses you.
The yak gores you but does no damage.
As you read the scroll labelled XUAXKE UMELUCI, it crumbles to dust.
Magic quickly surges around you.
It was a scroll of vulnerability.
The yak barely misses you. The yak gores you. The yak barely misses you.
The yak gores you but does no damage. The yak gores you. The yak gores you.
The yak gores you but does no damage. The yak attacks as you move away!
The yak gores you. The yak gores you!
* * * LOW HITPOINT WARNING * * *
The yak attacks as you move away! The yak gores you but does no damage.
It was a potion of berserk rage.
Your stasis prevents you from going berserk.
The yak gores you but does no damage.
It was a potion of attraction.
You feel attractive to monsters. The yak gores you.
* * * LOW HITPOINT WARNING * * *
It was a potion of mutation.
You feel extremely strange.
Iridescent scales grow over part of your body.
You feel stronger. The yak gores you!
You die...

#...#.........
#...#.........
#######.####.†
##..###.####<.
#......†..#...
#.........+...
##################.##.####.#
#...#...YYY#..####.##.####.#
#......#.{#@...........#....
#......#.{#............'....
#......'J.##....########...#
#......#..##....# ...####'#
#....#######....# .........
#....# #....+ .........
#.........##..### ##+###..#
#.........##..# ##.###..#
#............. .........


You could see 3 yaks.

Vanquished Creatures
  A water moccasin (D:5)
  An ice beast (D:5)
  An ogre (D:4)
  A phantom (D:2)
  3 scorpions (D:5)
  3 orc priests
  3 iguanas
  2 orc wizards
  Robin (D:2)
  4 gnolls (D:4)
  8 adders
  An ufetubus (D:5)
  2 worms (D:3)
  5 dart slugs
  17 orcs
  9 ball pythons
  6 bats
  11 endoplasms
  6 giant cockroaches
  11 goblins
  13 hobgoblins
  5 kobolds
  2 quokkas
  3 frilled lizards
  3 rats
122 creatures vanquished.

Notes
Turn   | Place    | Note
-------+----------+-------------------------------------------
     0 | D:1      | fantasyman the Formicid Fighter began the quest for the
                  | Orb.
     0 | D:1      | Reached XP level 1. HP: 18/18 MP: 1/1
   280 | D:1      | Reached XP level 2. HP: 12/24 MP: 2/2
   944 | D:1      | Reached XP level 3. HP: 30/30 MP: 3/3
  1593 | D:1      | Reached skill level 1 in Stealth
  1735 | D:2      | Reached XP level 4. HP: 37/37 MP: 4/4
  1828 | D:2      | Noticed Robin
  1850 | D:2      | Reached skill level 3 in Maces & Flails
  2445 | D:2      | Killed Robin
  2487 | D:2      | Noticed a phantom
  2502 | D:2      | Killed a phantom
  2503 | D:2      | Reached XP level 5. HP: 42/42 MP: 5/5
  2969 | D:3      | Found a burning altar of Makhleb.
  2969 | D:3      | Found a sacrificial altar of Ru.
  3153 | D:3      | Found a shimmering blue altar of Sif Muna.
  3170 | D:3      | Reached XP level 6. HP: 36/48 MP: 6/6
  3177 | D:3      | Reached skill level 4 in Maces & Flails
  3429 | D:3      | Found Vaskick's Distillery.
  4194 | D:3      | Found a hazy altar of Hepliaklqana.
  4222 | D:4      | Noticed an ogre
  4238 | D:4      | Killed an ogre
  4239 | D:4      | Reached skill level 5 in Armour
  4239 | D:4      | Reached XP level 7. HP: 40/55 MP: 7/7
  4305 | D:4      | Reached skill level 5 in Maces & Flails
  4548 | D:4      | Found an ornate altar of the Wu Jian Council.
  5158 | D:5      | Entered Level 5 of the Dungeon
  5292 | D:5      | Noticed a water moccasin
  5309 | D:5      | Killed a water moccasin
  5310 | D:5      | Reached XP level 8. HP: 29/61 MP: 8/8
  6128 | D:5      | Reached skill level 5 in Fighting
  6128 | D:5      | Reached skill level 6 in Maces & Flails
  6527 | D:5      | Noticed a yak
  6527 | D:5      | Noticed a yak
  6528 | D:5      | Noticed a yak
  6529 | D:5      | Noticed a yak
  6551 | D:5      | Gained mutation: You are partially covered in iridescent
                  | scales. (AC +2) [potion of mutation]
  6551 | D:5      | Gained mutation: Your muscles are strong. (Str +4, Int/Dex
                  | -1) [potion of mutation]
  6551 | D:5      | Slain by a yak

Illustrated notes

Levels and vault maps discovered:
D:1:      sevenhm_arrival_forest_fort_large_4, layout_loops_ring,
          minmay_misc_feat_roman, glass_columns_a, minivault_11
D:2:      layout_loops_ring, uniq_robin
D:3:      layout_basic, mainiacjoe_overflow_paths,
          gammafunk_temple_overflow_statue, worldfamousw_hep_ancestral_shrine,
          serial_shops, nicolae_shop_trees
D:4:      layout_loops_ring, kennysheep_mini
D:5:      layout_gridville
D:6:      layout_basic, jmf_multi_god_temple, temple_fountains

Skill      XL: |  1  2  3  4  5  6  7  8 |
---------------+-------------------------+-----
Stealth        | 1 2 3 |  3.6
Armour         | 4 5 |  5.9
Maces & Flails | 3 4 5 6 |  6.7
Fighting       | 4 5 |  5.2
Shields        | |  4.0

Action                   |  1- 3 |  4- 6 |  7- 9 || total
-------------------------+-------+-------+-------++-------
Melee: Flail             |    73 |   196 |     8 ||   277
       Giant club        |       |       |   148 ||   148
 Abil: Dig               |       |     1 |       ||     1
  Use: Potion            |       |       |     3 ||     3
       Scroll            |       |       |     1 ||     1
Armor: Scale mail        |    27 |       |       ||    27
       Plate armour      |    29 |   190 |   157 ||   376
Dodge: Dodged            |    35 |    95 |    62 ||   192
Block: Buckler           |    20 |    49 |     3 ||    72
